 Dungeon Crawl Stone Soup version 0.30-a0-222-ge547ba4400 (webtiles) character file.

Game seed: 5830970406724417823

2089 qw the Cleaver (level 9, -5/55 HPs)
             Began as a Gargoyle Fighter on Oct 8, 2022.
             Slain by an ogre
             ... wielding a +0 giant club
              (7 damage)
             ... on level 6 of the Dungeon.
             The game lasted 00:01:47 (4136 turns).

qw the Cleaver (Gargoyle Fighter)                   Turns: 4136, Time: 00:01:47

Health: -5/55      AC: 28    Str: 25    XL:     9   Next: 27%
Magic:  9/9        EV:  9    Int:  8    God:
Gold:   118        SH:  5    Dex: 15    Spells: 8/8 levels left

rFire   . . .      SeeInvis +    Y - +0 war axe (protect)
rCold   . . .      Faith    .    c - +0 buckler
rNeg    + . .      Spirit   .    l - +0 chain mail
rPois   inf        Reflect  .    j - +2 helmet
rElec   +          Harm     .    (no cloak)
rCorr   .          Rampage  .    a - +0 pair of gloves
Will    .....                    b - +0 pair of boots
Stlth   ..........               (no amulet)
HPRegen 0.29/turn                q - ring of see invisible
MPRegen 0.11/turn                r - +6 ring of dexterity

@: about to teleport, under a protective aura
A: sickness immunity, AC +6, negative energy resistance 1, electricity
resistance, torment resistance 1, petrification resistance
a: no special abilities


You were on level 6 of the Dungeon.
You visited 1 branch of the dungeon, and saw 6 of its levels.

You collected 306 gold pieces.
You spent 188 gold pieces at shops.


Innate Abilities, Weirdness & Mutations

You are immune to sickness and miasma.
Your stone body is resilient. (AC +6)
You are immune to poison.
You resist negative energy. (rN+)
You are resistant to electric shocks. (rElec)
You are resistant to unholy torment.
You are immune to petrification.


   Skills:
 - Level 6.1 Fighting
 + Level 8.8 Axes
 - Level 2.8 Throwing
 - Level 4.6 Armour
 - Level 2.3 Dodging
 - Level 3.2 Shields


You had 8 spell levels left.
You didn't know any spells.
Your spell library was empty.

Inventory:

Hand Weapons
 g - a +0 flail
 Y - a +0 war axe of protection (weapon)
Missiles
 e - 6 boomerangs (quivered)
Armour
 a - a +0 pair of gloves (worn)
 b - a +0 pair of boots (worn)
 c - a +0 buckler (worn)
 j - a +2 helmet (worn)
 l - a +0 chain mail (worn)
Jewellery
 q - a ring of see invisible (left hand)
 r - a +6 ring of dexterity (right hand)
Scrolls
 i - a scroll of identify
 m - a scroll of teleportation
Potions
 d - 4 potions of might
 f - 2 potions of resistance
 h - 2 potions of attraction
 k - a potion of haste
 n - a potion of mutation
 o - a potion of lignification
 p - a potion of magic {unknown}
 s - a potion of degeneration {unknown}
 t - a potion of curing

Dungeon Overview and Level Annotations

Branches:
Dungeon (6/15)
 Temple: D:4-7

Altars:
Hepliaklqana
Qazlal
Vehumet
Xom

Shops:
D:3 ??[:!

Annotations:
D:5 1 runed translucent door, Crazy Yiuf


Message History

The orc shouts!
You barely miss the ogre. The ogre barely misses you.
You closely miss the ogre. You hit the ogre but do no damage. You hit the orc.
The ogre barely misses you. You block the orc's attack.
You barely miss the orc.
The orc is moderately wounded.
You barely miss the ogre. You block the ogre's attack.
The orc hits you but does no damage.
You slice the orc!!
You kill the orc!
You slash the ogre! The ogre barely misses you.
You slash the ogre!
The ogre is severely wounded.
You hit the ogre.
The ogre is almost dead.
The ogre closely misses you.
You hit the ogre but do no damage.
The ogre is almost dead.
You block the ogre's attack.
4131 ||| Stepping ~*~*~tactically~*~*~ (stealth).
You closely miss the ogre.
The ogre is almost dead.
The ogre hits you with a +0 giant club!
You hit the ogre but do no damage.
The ogre is almost dead.
You barely miss the ogre.
The ogre is almost dead.
The ogre hits you with a +0 giant club!
4135 ||| READING 2 scrolls of teleportation.
As you read the scroll of teleportation, it crumbles to dust.
You feel strangely unstable. You block the ogre's attack.
You hit the ogre.
The ogre is almost dead.
You slash the ogre! You block the ogre's attack.
The ogre hits you with a +0 giant club!
You die...

#.##.#..###.######
........##.......#
#.#####.#.###.##.#
..#####... #.##.#
...........##.##.#
......####..J.##.#
.....## JO###....#
...>.# #OO##.#.#
.....# #lo#)#@#
####.# #.#.OO# ..
#)#l.# .# #=#..###
?!#....# z[##.##.#
..####..##..#
#........# .#
#####..)..#.#


You could see 2 ogres and an iguana.

Vanquished Creatures
  Grinder (D:5)
  Sigmund (D:3)
  Menkaure (D:5)
  Duvessa (D:5)
  An orc warrior (D:6)
  A water moccasin (D:5)
  A black bear (D:5)
  2 ice beasts (D:6)
  An ogre (D:5)
  A centaur (D:6)
  A phantom (D:6)
  A bullfrog (D:6)
  2 scorpions (D:5)
  Dowan (D:5)
  A howler monkey (D:4)
  A gnoll bouda (D:4)
  2 hounds
  2 orc priests
  2 iguanas
  Natasha (thrice) (D:4)
  2 orc wizards
  Robin (D:2)
  11 gnolls
  8 adders
  A shadow imp (D:5)
  4 worms
  5 dart slugs
  5 orcs
  4 ball pythons
  5 endoplasms
  4 giant cockroaches
  11 goblins
  8 hobgoblins
  3 jackals (D:2)
  2 kobolds
  3 quokkas
  7 bats
  A frilled lizard (D:3)
  5 rats
  A butterfly (D:3)
118 creatures vanquished.

Vanquished Creatures (others)
  2 fungi (D:1)
  A plant (D:1)
3 creatures vanquished.

Grand Total: 121 creatures vanquished

Notes
Turn   | Place    | Note
-------+----------+-------------------------------------------
     0 | D:1      | qw the Gargoyle Fighter began the quest for the Orb.
     0 | D:1      | Reached XP level 1. HP: 14/14 MP: 1/1
     0 | D:1      | 0 ||| qw: Version: 0.2-a-17-gfa9de96
     0 | D:1      | 0 ||| qw: Game counter: 2002
     0 | D:1      | 0 ||| qw: Always use a shield: true
     0 | D:1      | 0 ||| qw: God list: Okawaru
     0 | D:1      | 0 ||| qw: Allow faded altars: false
     0 | D:1      | 0 ||| qw: Do Orc after D:15 true
     0 | D:1      | 0 ||| qw: Do second Lair branch before Depths: true
     0 | D:1      | 0 ||| qw: Lair rune preference: random
     0 | D:1      | 0 ||| qw: Plans: Normal, Zot:1-4, God:TSO, Crypt, Tomb,
                  | Pan, Slime:5, Hells, Abyss, Orb
     0 | D:1      | 0 ||| PLANNING D:1-11
    39 | D:1      | Reached skill level 2 in Axes
    57 | D:1      | Found a faded altar of an unknown god.
   117 | D:1      | Reached XP level 2. HP: 13/19 MP: 2/2
   629 | D:1      | Reached skill level 3 in Axes
   649 | D:1      | 649 ||| READING scroll labelled QULEPU VADEM.
   750 | D:1      | 750 ||| READING 2 scrolls labelled YLAROI ECUL ROME.
   751 | D:1      | 751 ||| READING scroll labelled TOAHAL ZI NULUM.
   752 | D:1      | 752 ||| READING scroll labelled ROUCHEULUAM.
   753 | D:1      | 753 ||| DRINKING 2 emerald potions.
   754 | D:1      | 754 ||| DROPPING potion of flight.
   788 | D:2      | Reached XP level 3. HP: 23/23 MP: 3/3
   852 | D:2      | Noticed Robin
   873 | D:2      | Killed Robin
  1040 | D:2      | Reached XP level 4. HP: 25/28 MP: 4/4
  1304 | D:2      | 1304 ||| UPGRADING to +2 helmet.
  1309 | D:2      | 1309 ||| UPGRADING to +0 chain mail.
  1319 | D:2      | 1319 ||| DROPPING +0 scale mail.
  1320 | D:2      | 1320 ||| READING scroll labelled OMPISY SAPTUI.
  1321 | D:2      | 1321 ||| READING 2 scrolls labelled VUBLUO GETUUD.
  1325 | D:2      | 1325 ||| DRINKING 2 fizzy pink potions.
  1326 | D:2      | 1326 ||| READING 2 scrolls of identify.
  1326 | D:2      | 1326 ||| IDENTIFYING orange potion
  1327 | D:2      | 1327 ||| DROPPING potion of berserk rage.
  1334 | D:3      | Found a shimmering altar of Xom.
  1350 | D:3      | Reached skill level 4 in Axes
  1371 | D:3      | Noticed Sigmund
  1392 | D:3      | Killed Sigmund
  1393 | D:3      | Reached skill level 5 in Axes
  1393 | D:3      | Reached XP level 5. HP: 32/32 MP: 5/5
  1393 | D:3      | Reached XP level 6. HP: 37/37 MP: 6/6
  1409 | D:3      | Found Qurushel's Armour Shoppe.
  1420 | D:3      | 1420 ||| BUYING +0 pair of gloves (49 gold).
  1420 | D:3      | Bought a +0 pair of gloves for 49 gold pieces
  1420 | D:3      | 1420 ||| SHOPLISTING +2 helmet of see invisible (236 gold,
                  | have 102).
  1420 | D:3      | 1420 ||| SHOPLISTING +7 chain mail "Ulahatoa" {Contam rC+
                  | Regen+ Int+2} (573 gold, have 102).
  1450 | D:3      | Found Icseuh's Book Shoppe.
  1530 | D:3      | Found Qidioso's Magic Scroll Shop.
  1538 | D:3      | 1538 ||| BUYING scroll of brand weapon (95 gold).
  1538 | D:3      | Bought a scroll of brand weapon for 95 gold pieces
  1538 | D:3      | 1538 ||| SHOPLISTING scroll of enchant weapon (75 gold,
                  | have 25).
  1538 | D:3      | 1538 ||| BUYING scroll of identify (20 gold).
  1538 | D:3      | Bought a scroll of identify for 20 gold pieces
  1538 | D:3      | 1538 ||| SHOPLISTING scroll of teleportation (30 gold, have
                  | 5).
  1538 | D:3      | 1538 ||| READING scroll of brand weapon.
  1538 | D:3      | 1538 ||| BRANDING +0 war axe.
  1636 | D:3      | Found Lidoam's Distillery.
  1647 | D:3      | 1647 ||| SHOPLISTING 2 potions of curing (60 gold, have
                  | 13).
  1647 | D:3      | 1647 ||| SHOPLISTING potion of curing (30 gold, have 13).
  1647 | D:3      | 1647 ||| SHOPLISTING potion of heal wounds (50 gold, have
                  | 13).
  1647 | D:3      | 1647 ||| SHOPLISTING potion of lignification (30 gold, have
                  | 13).
  1647 | D:3      | 1647 ||| SHOPLISTING potion of mutation (80 gold, have 13).
  1698 | D:3      | 1698 ||| Stepping ~*~*~tactically~*~*~ (hiding).
  1856 | D:3      | Found a hazy altar of Hepliaklqana.
  1967 | D:3      | 1967 ||| Stepping ~*~*~tactically~*~*~ (stealth).
  2114 | D:3      | Found Mily's Magic Scroll Shop.
  2117 | D:3      | 2117 ||| SHOPLISTING scroll of enchant weapon (90 gold,
                  | have 43).
  2117 | D:3      | 2117 ||| BUYING scroll of identify (24 gold).
  2117 | D:3      | Bought a scroll of identify for 24 gold pieces
  2117 | D:3      | 2117 ||| SHOPLISTING scroll of identify (24 gold, have 19).
  2164 | D:3      | 2164 ||| UPGRADING to +0 pair of gloves.
  2169 | D:3      | 2169 ||| UPGRADING to +0 pair of boots.
  2174 | D:3      | 2174 ||| UPGRADING to ring of see invisible.
  2175 | D:3      | 2175 ||| READING 5 scrolls of identify.
  2175 | D:3      | 2175 ||| IDENTIFYING white potion
  2176 | D:3      | 2176 ||| READING 4 scrolls of identify.
  2176 | D:3      | 2176 ||| IDENTIFYING fuming pink potion
  2177 | D:3      | 2177 ||| READING 3 scrolls of identify.
  2177 | D:3      | 2177 ||| IDENTIFYING fizzy white potion
  2178 | D:3      | 2178 ||| READING 2 scrolls of identify.
  2178 | D:3      | 2178 ||| IDENTIFYING amethyst potion
  2260 | D:4      | 2260 ||| Stepping ~*~*~tactically~*~*~ (stealth).
  2262 | D:4      | 2262 ||| Stepping ~*~*~tactically~*~*~ (stealth).
  2291 | D:4      | 2291 ||| Stepping ~*~*~tactically~*~*~ (stealth).
  2294 | D:4      | Found a radiant altar of Vehumet.
  2400 | D:4      | Reached skill level 6 in Axes
  2400 | D:4      | 2400 ||| FLEEEEING.
  2401 | D:4      | 2401 ||| FLEEEEING.
  2402 | D:4      | 2402 ||| FLEEEEING.
  2403 | D:4      | 2403 ||| FLEEEEING.
  2404 | D:4      | 2404 ||| FLEEEEING.
  2584 | D:4      | Noticed Natasha
  2592 | D:4      | Killed Natasha
  2593 | D:4      | Reached skill level 1 in Dodging
  2633 | D:4      | Reached XP level 7. HP: 43/43 MP: 7/7
  2641 | D:4      | 2641 ||| DROPPING +0 club.
  2669 | D:4      | Noticed Natasha
  2673 | D:4      | Killed Natasha
  2707 | D:4      | 2707 ||| DROPPING +0 whip.
  2758 | D:4      | Noticed Natasha
  2769 | D:4      | Killed Natasha
  2933 | D:4      | 2933 ||| UPGRADING to +6 ring of dexterity.
  2934 | D:4      | 2934 ||| READING scroll labelled CEOWKA REZUSI.
  2935 | D:4      | 2935 ||| DRINKING 2 green potions.
  2963 | D:5      | Entered Level 5 of the Dungeon
  2979 | D:5      | 2979 ||| DROPPING +2 mace of protection.
  3178 | D:5      | Reached skill level 7 in Axes
  3212 | D:5      | 3212 ||| Stepping ~*~*~tactically~*~*~ (hiding).
  3215 | D:5      | Noticed Dowan
  3228 | D:5      | Killed Dowan
  3229 | D:5      | Reached XP level 8. HP: 47/51 MP: 8/8
  3235 | D:5      | Noticed Duvessa
  3241 | D:5      | Noticed Menkaure
  3250 | D:5      | Killed Duvessa
  3252 | D:5      | Killed Menkaure
  3418 | D:5      | Noticed Grinder
  3421 | D:5      | Paralysed by Grinder for 5 turns
  3431 | D:5      | Paralysed by Grinder for 4 turns
  3436 | D:5      | Killed Grinder
  3511 | D:5      | Found a stormy altar of Qazlal.
  3513 | D:5      | Noticed an air elemental
  3514 | D:5      | Noticed a water elemental
  3695 | D:5      | Found a runed translucent door.
  3696 | D:5      | Noticed Crazy Yiuf
  3769 | D:5      | 3769 ||| Stepping ~*~*~tactically~*~*~ (hiding).
  3925 | D:5      | 3925 ||| READING scroll labelled GUIZAPL IS LOY.
  3974 | D:6      | 3974 ||| DROPPING +0 war axe of freezing.
  3986 | D:6      | Reached skill level 8 in Axes
  3990 | D:6      | Reached skill level 6 in Fighting
  4004 | D:6      | 4004 ||| Stepping ~*~*~tactically~*~*~ (stealth).
  4010 | D:6      | 4010 ||| Stepping ~*~*~tactically~*~*~ (hiding).
  4021 | D:6      | Reached XP level 9. HP: 55/55 MP: 9/9
  4106 | D:6      | 4106 ||| Stepping ~*~*~tactically~*~*~ (stealth).
  4122 | D:6      | 4122 ||| Stepping ~*~*~tactically~*~*~ (stealth).
  4131 | D:6      | 4131 ||| Stepping ~*~*~tactically~*~*~ (stealth).
  4134 | D:6      | HP: 1/55 [ogre/+0 giant club (15)]
  4135 | D:6      | 4135 ||| READING 2 scrolls of teleportation.
  4136 | D:6      | Slain by an ogre

Levels and vault maps discovered:
D:1:      dpeg_arrival_ternary, layout_basic,
          shapermc_ecumenical_altar_mp_urbaneastern
D:2:      layout_rooms, amcnicky_mini_pool_small, uniq_robin
D:3:      layout_loops_cross, nicolae_hepliaklqana_hippocampus, xom_butterflies,
          serial_shops, nicolae_shop_competitors_out_of_business,
          nicolae_shop_waterfront, shop_fountains, nicolae_shop_trees,
          nicolae_lakefront_shop, uniq_sigmund
D:4:      layout_basic, nicolae_vehumet_radiance, uniq_natasha
D:5:      layout_basic, nicolae_qazlal_style_of_elements, uniq_duvessa,
          uniq_grinder, uniq_menkaure, uniq_crazy_yiuf_cottage
D:6:      layout_loops_cross, overflow_temple_1_default, kennysheep_donut,
          hangedman_abyss_or_decor_stabs, minmay_alternating_orb

Skill      XL: |  1  2  3  4  5  6  7  8 |
---------------+-------------------------+-----
Axes           | 2 3 5 6 7 8 |  8.8
Fighting       | 4 5 6 |  6.1
Dodging        | 1 2 |  2.3
Armour         | 4 |  4.6
Throwing       | 2 |  2.8
Shields        | |  3.2

Action                   |  1- 3 |  4- 6 |  7- 9 || total
-------------------------+-------+-------+-------++-------
Melee: War axe           |    70 |    99 |   196 ||   365
Throw: Boomerang         |     6 |    41 |    17 ||    64
  Use: Scroll            |     4 |     8 |     3 ||    15
       Potion            |     1 |     1 |     1 ||     3
Armor: Scale mail        |    41 |       |       ||    41
       Chain mail        |       |    60 |   132 ||   192
Dodge: Dodged            |    47 |    26 |    71 ||   144
Block: Buckler           |    14 |    25 |    46 ||    85

Table legend:
 A = Non-vault XP
 B = Vault XP
 C = Vault XP percentage of total XP
 D = Non-vault monster count
 E = Vault monster count
 F = Vault count percentage of total count
                 A         B        C        D         E       F
            +---------+---------+-------+---------+---------+-------
      Total |    1744 |    1241 |  41.6 |      95 |      22 |  18.8
            +---------+---------+-------+---------+---------+-------
        D:1 |      30 |       0 |   0.0 |      16 |       0 |   0.0
        D:2 |      32 |      34 |  51.5 |      15 |      11 |  42.3
        D:3 |      25 |     239 |  90.5 |      12 |       1 |   7.7
        D:4 |     429 |      35 |   7.5 |      25 |       1 |   3.8
        D:5 |     763 |     555 |  42.1 |      20 |       4 |  16.7
        D:6 |     465 |     378 |  44.8 |       7 |       5 |  41.7
            +---------+---------+-------+---------+---------+-------
